 Dungeon Crawl Stone Soup version 0.32-a0-799-g95e1662365 (webtiles) character file.

Game seed: 1982729453902209666

2912 warriortoast the Covert (level 9, -3/63 HPs)
             Began as an Octopode Shapeshifter on Mar 20, 2024.
             Slain by an ice beast (14 damage)
             ... on level 7 of the Dungeon on Mar 21, 2024.
             The game lasted 00:23:40 (6850 turns).

warriortoast the Covert (Octopode Shapeshifter)     Turns: 6850, Time: 00:23:40

Health: -3/63      AC:  1    Str: 18    XL:     9   Next: 78%
Magic:  9/9        EV: 12    Int: 12    God:
Gold:   607        SH:  0    Dex: 11    Spells: 8/8 levels left

rFire   . .          .
                       - Unarmed
rCold   . . .        (no shield)
rNeg    . . .        (helmet currently unavailable)
rPois   .            (no amulet)
rElec   .            (no ring)
rCorr   .            (no ring)
SInv    .            (no ring)
Will    .....        (no ring)
Stlth   +++++        (no ring)
HPRegen 0.30/turn    (no ring)
MPRegen 0.11/turn    (no ring)
                     (no ring)

%: no passive effects
@: beast-form
A: beast (slay +4), almost no armour, amphibious, 8 rings, camouflage 1,
gelatinous body 1, (nimble swimmer 1), tentacles
a: Begin Untransformation


You were on level 7 of the Dungeon.
You were a hulking beast.
You visited 1 branch of the dungeon, and saw 7 of its levels.
You also visited: Sewer and Ossuary.

You collected 607 gold pieces.

Inventory:

Missiles
 F - 3 poisoned darts (quivered)
Armour
 j - a +0 hat
 B - a +0 kite shield
Magical Staves
 o - a staff of air
Jewellery
 p - a ring of protection from cold
Talismans
 b - a beast talisman (active)
 c - a flux talisman
Wands
 g - a wand of roots (1)
 r - a wand of light (10)
Scrolls
 d - 6 scrolls of teleportation
 f - 4 scrolls of fear
 l - a scroll of identify
 m - 4 scrolls of blinking
 q - 2 scrolls of vulnerability
 s - a scroll of torment
 t - a scroll of silence
 v - a scroll of brand weapon {unknown}
 w - a scroll of poison {unknown}
 x - a scroll of immolation {unknown}
 y - a scroll of revelation {unknown}
 z - a scroll of enchant weapon
 A - a scroll of fog {unknown}
 D - a scroll of acquirement {unknown}
Potions
 a - 2 potions of curing
 e - 3 potions of enlightenment
 h - 2 potions of might
 i - a potion of mutation
 k - a potion of berserk rage
 n - a potion of haste
 u - a potion of magic {unknown}
 C - a potion of attraction {unknown}
 E - a potion of heal wounds {unknown}
 G - 2 potions of resistance {unknown}


   Skills:
 + Level 6.8 Fighting
 + Level 0.6 Throwing
 - Level 2.0 Dodging
 - Level 8.0 Stealth
 + Level 7.5 Unarmed Combat
 + Level 7.0 Shapeshifting


You had 8 spell levels left.
You didn't know any spells.
Your spell library contained the following spells:

 Spells                   Type           Power      Damage    Failure   Level
 Magic Dart               Conj           0%         1d3       32%         1
 Ensorcelled Hibernation  Hex/Ice        0%         N/A       45%         2
 Mercury Vapours          Alch/Air       0%         N/A       45%         2
 Searing Ray              Conj           0%         2d4       45%         2
 Mephitic Cloud           Conj/Alch/Air  0%         N/A       69%         3
 Passwall                 Erth           0%         N/A       69%         3
 Swiftness                Air            0%         N/A       69%         3
 Fulminant Prism          Conj/Alch      0%         3d5       97%         4
 Freezing Cloud           Conj/Ice/Air   0%         6-21      100%        5


Dungeon Overview and Level Annotations

Branches:
Dungeon (7/15)             Temple (0/1) D:7           Sewer (visited)
Ossuary (visited)

Altars:
Elyvilon
Trog
Uskayaw
Yredelemnul
The Shining One

Shops:
D:1 =   D:3 [   D:7 (

Annotations:
D:6 Eustachio, Jeremiah, Prince Ribbit


Innate Abilities, Weirdness & Mutations

You are a hulking beast.
Your limbs bulge with bestial killing power. (Slay +4)
You cannot wear most types of armour.
You are amphibious.
You can wear up to eight rings at the same time.
Your skin changes colour to match your surroundings (Stealth+).
Your rubbery body absorbs attacks. (AC +1, EV +1)
((You are camouflaged when in or above water. (Stealth+)))
You have tentacles for arms and can constrict up to eight enemies at once.


Message History

The ice beast hits you. The ice beast freezes you!
The orc priest threatens, "Beogh's wrath is as vast as their mercy.
Make your choice!" (press Y on the ability menu to convert to Beogh)
The ice beast attacks as it pursues you!
The ice beast hits you. The ice beast freezes you.
You enter the shallow water.
The orc wizard casts a spell.
The orc wizard flickers and vanishes!
Deactivating autopickup; reactivate with Ctrl-A.
You hear a shout!
The orc priest shouts, "The Pantheon deserves no one's loyalty.
Let us show you the true path!"
You hear a shout!
The ice beast attacks as it pursues you!
The ice beast closely misses you.
The ice beast attacks as it pursues you!
The ice beast hits you. The ice beast freezes you.
The ice beast attacks as it pursues you!
The ice beast hits you. The ice beast freezes you.
The ice beast attacks as it pursues you!
The ice beast hits you. The ice beast freezes you.
* * * LOW HITPOINT WARNING * * *
The ice beast closely misses you.
The ice beast attacks as it pursues you!
The ice beast barely misses you.
The ice beast attacks as it pursues you!
The ice beast barely misses you.
The ice beast attacks as it pursues you!
The ice beast hits you.
* * * LOW HITPOINT WARNING * * *
The ice beast freezes you.
* * * LOW HITPOINT WARNING * * *
The ice beast attacks as it pursues you!
The ice beast barely misses you.
The ice beast attacks as it pursues you!
The ice beast misses you.
The ice beast attacks as it pursues you!
The ice beast hits you.
* * * LOW HITPOINT WARNING * * *
The ice beast freezes you!
You die...

.....# #.......####
#......... ####.#
#.......# ###.#.#... #.#
#.......##########.#.#.##
#.#
#.).....##.........#.#...
#.#
#.[.....##.#########.####
#.# #.......##.## #.##o#
# #.# ####.##.#...#
#.#...###. ## #.#
#.##)#Y#.# #?...o...
...#.#######.##.h_..#
#.###....
...)...)).......#.###
#.#~~{~~~
##########.#.##...#
#.#~#.o.. #.#.##..##
#..~..... ..........
....~..... #.#####...##
##..~...>. #. #...#
#.o{..... #. ....#
#..~..... #. #.#.#
#.#~#....


You could see an ice beast.

Vanquished Creatures
  2 water moccasins
  An orc warrior (D:7)
  2 sky beasts
  An ice beast (D:7)
  A black bear (D:5)
  2 ogres
  A phantom (D:6)
  A kobold brigand (D:7)
  2 weeping skulls (Ossuary)
  An elf zombie (Ossuary)
  3 bullfrogs
  3 scorpions
  4 wights (D:6)
  2 howler monkeys
  2 bombardier beetles
  2 jellies
  6 hounds
  A human zombie (Ossuary)
  3 iguanas
  4 sleepcaps
  Jessica (D:2)
  Ijyb (D:3)
  An orc wizard (D:7)
  2 mummies (Ossuary)
  A howler monkey zombie (Ossuary)
  Robin (D:3)
  9 adders
  6 gnolls
  A white imp (D:5)
  4 ufetubi
  2 adder zombies (Ossuary)
  12 dart slugs
  4 ribbon worms
  20 orcs
  4 bats
  16 endoplasms
  14 giant cockroaches
  13 goblins
  18 hobgoblins
  6 jackals
  3 quokkas
  23 ball pythons
  19 frilled lizards
  10 kobolds
  4 rats
239 creatures vanquished.

Notes
Turn   | Place    | Note
-------+----------+-------------------------------------------
     0 | D:1      | warriortoast the Octopode Shapeshifter began the quest for
                  | the Orb.
     0 | D:1      | Reached XP level 1. HP: 13/13 MP: 1/1
   104 | D:1      | Found Dacvec's Jewellery Boutique.
   123 | D:1      | Reached skill level 1 in Stealth
   123 | D:1      | Reached XP level 2. HP: 18/18 MP: 2/2
   272 | D:1      | Reached XP level 3. HP: 11/24 MP: 3/3
   611 | D:1      | Reached skill level 2 in Stealth
   711 | D:2      | Noticed Jessica
   717 | D:2      | Killed Jessica
   718 | D:2      | Reached XP level 4. HP: 24/29 MP: 4/4
  1133 | D:2      | Reached skill level 3 in Stealth
  1243 | D:2      | Reached XP level 5. HP: 35/35 MP: 5/5
  1334 | D:2      | Found a faded altar of an unknown god.
  1958 | D:3      | Noticed Robin
  2017 | D:3      | Killed Robin
  2160 | D:3      | Found a glowing drain.
  2175 | Sewer    | Entered a sewer
  2223 | Sewer    | Reached XP level 6. HP: 38/41 MP: 6/6
  2332 | Sewer    | Reached skill level 4 in Stealth
  2495 | Sewer    | Identified the +9 chain mail of Waurawu {Int+6 Dex+3}
  2649 | D:3      | Found Jyatea's Antique Armour Shoppe.
  2690 | D:3      | Noticed Ijyb
  2695 | D:3      | Killed Ijyb
  2696 | D:3      | Reached XP level 7. HP: 37/46 MP: 7/7
  3227 | D:3      | Reached skill level 5 in Stealth
  3375 | D:4      | Reached skill level 5 in Unarmed Combat
  3423 | D:4      | Found a sand-covered staircase.
  3428 | Ossuary  | Entered an ossuary
  3428 | Ossuary  | Found a huge runed translucent gate.
  3428 | Ossuary  | Found a huge runed translucent gate.
  3428 | Ossuary  | Found a huge runed translucent gate.
  3428 | Ossuary  | Found a huge runed translucent gate.
  3428 | Ossuary  | Found a huge runed translucent gate.
  3428 | Ossuary  | Found a huge runed translucent gate.
  3428 | Ossuary  | Found a huge runed translucent gate.
  3428 | Ossuary  | Found a huge runed translucent gate.
  3428 | Ossuary  | Found a huge runed translucent gate.
  3461 | Ossuary  | Found a huge runed translucent gate.
  3461 | Ossuary  | Found a huge runed translucent gate.
  3462 | Ossuary  | Found a huge runed translucent gate.
  3462 | Ossuary  | Found a huge runed translucent gate.
  3464 | Ossuary  | Found a huge runed translucent gate.
  3464 | Ossuary  | Found a huge runed translucent gate.
  3467 | Ossuary  | Found a huge runed translucent gate.
  3467 | Ossuary  | Found a huge runed translucent gate.
  3467 | Ossuary  | Found a huge runed translucent gate.
  3467 | Ossuary  | Found a huge runed translucent gate.
  3475 | Ossuary  | Reached skill level 6 in Stealth
  3475 | Ossuary  | Reached XP level 8. HP: 54/54 MP: 8/8
  3475 | Ossuary  | Found a huge runed translucent gate.
  3475 | Ossuary  | Found a huge runed translucent gate.
  3475 | Ossuary  | Found a huge runed translucent gate.
  3477 | Ossuary  | Found a huge runed translucent gate.
  3477 | Ossuary  | Found a huge runed translucent gate.
  3478 | Ossuary  | Found a huge runed translucent gate.
  3478 | Ossuary  | Found a huge runed translucent gate.
  3479 | Ossuary  | Found a huge runed translucent gate.
  3479 | Ossuary  | Found a huge runed translucent gate.
  3494 | Ossuary  | Found a huge runed translucent gate.
  3495 | Ossuary  | Found a huge runed translucent gate.
  3495 | Ossuary  | Found a huge runed translucent gate.
  3502 | Ossuary  | Reached skill level 5 in Shapeshifting
  3506 | Ossuary  | Found a huge runed translucent gate.
  3530 | Ossuary  | Found a huge runed translucent gate.
  3530 | Ossuary  | Found a huge runed translucent gate.
  3530 | Ossuary  | Found a huge runed translucent gate.
  4308 | D:4      | Upgraded the game from 0.32-a0-791-gfc315c9ecd to
                  | 0.32-a0-799-g95e1662365
  4352 | D:5      | Entered Level 5 of the Dungeon
  4406 | D:5      | Reached skill level 7 in Stealth
  4419 | D:5      | Reached skill level 5 in Fighting
  4543 | D:5      | Found a transporter.
  4545 | D:5      | Found a white marble altar of Elyvilon.
  4547 | D:5      | Found a transporter.
  4663 | D:5      | Reached XP level 9. HP: 55/61 MP: 9/9
  5058 | D:6      | Reached skill level 8 in Stealth
  5451 | D:6      | Found a hide-covered altar of Uskayaw.
  5661 | D:6      | Noticed Jeremiah
  5802 | D:6      | Noticed Prince Ribbit
  5852 | D:6      | Noticed Eustachio
  6015 | D:7      | Found Yceh's Antique Weapon Emporium.
  6622 | D:7      | Found a bloodstained altar of Trog.
  6720 | D:7      | Found a basalt altar of Yredelemnul.
  6722 | D:7      | Noticed a profane servitor
  6727 | D:7      | Found a glowing golden altar of the Shining One.
  6729 | D:7      | Noticed an angel
  6816 | D:7      | Found a staircase to the Ecumenical Temple.
  6850 | D:7      | Slain by an ice beast

Illustrated notes

Levels and vault maps discovered:
D:1:      nzn_arrival_settlement, layout_basic, serial_shops, shop
D:2:      layout_loops_corners, hellmonk_ecumenical_altar_inner_sanctum,
          minmay_misc_feat_diagonals, uniq_jessica
D:3:      layout_basic, serial_shops, nicolae_shop_hallway_plus,
          mainiacjoe_sewer_entry_somewhere_in_here_1, uniq_ijyb, uniq_robin
D:4:      layout_cave_pools, enter_ossuary_5, minmay_quadrilaterals
D:5:      layout_loops_ring, elyvilon_altar_4, serial_bayou_pond_d
D:6:      layout_loops_cross, nicolae_overflow_crystal_walls, uniq_eustachio,
          uniq_jeremiah, uniq_prince_ribbit1
D:7:      layout_loops_ring, lemuel_crystal_altar,
          mainiacjoe_overflow_six_doors_small, grunt_temple_overflow_holy_war,
          minmay_temple_entry_water_ring, serial_shops, nicolae_stop_n_shop_1

Skill      XL: |  1  2  3  4  5  6  7  8  9 |
---------------+----------------------------+-----
Stealth        | 1 2 3 4 6 7 8 |  8.0
Fighting       | 2 3 4 5 6 |  6.8
Unarmed Combat | 4 5 6 7 |  7.5
Shapeshifting  | 4 5 7 |  7.0
Throwing       | |  0.6
Dodging        | |  2.0

Action                     |  1- 3 |  4- 6 |  7- 9 || total
---------------------------+-------+-------+-------++-------
  Melee: Unarmed           |    41 |   179 |   196 ||   416
         Constrict         |     9 |    42 |    49 ||   100
         Tentacles         |     8 |    26 |    49 ||    83
         Punch             |     2 |     3 |    11 ||    16
  Throw: Dart              |       |       |    14 ||    14
  Evoke: Wand              |       |       |    12 ||    12
    Use: Scroll            |       |     6 |     9 ||    15
         Potion            |       |       |     1 ||     1
   Stab: Sleeping          |    10 |    31 |    16 ||    57
         Distracted        |       |       |     1 ||     1
 Armour: Skin              |     6 |    71 |    95 ||   172
  Dodge: Dodged            |    14 |    73 |    98 ||   185

Table legend: (Time is in decaauts)
 A = Elapsed time spent in this place.
 B = Non-inter-level travel time spent in this place.
 C = Inter-level travel time spent in this place.
 D = Time resting spent in this place.
 E = Time spent auto-exploring this place.
 F = Levels seen in this place.
 G = Mean time per level.
                   A        B        C        D        E       F      G
               +--------+--------+--------+--------+--------+-----+--------+
         Total |   6814 |   6650 |    164 |   1514 |   3332 |   9 |  757.1 |
       Dungeon |   6154 |   5990 |    164 |   1381 |   3243 |   7 |  879.1 |
         Sewer |    432 |    432 |      0 |    101 |     89 |   1 |  432.0 |
       Ossuary |    227 |    227 |      0 |     32 |      0 |   1 |  227.0 |
               +--------+--------+--------+--------+--------+-----+--------+

Top non-repeatable levels by time:
     D:2: 1436 daAuts
     D:6: 911 daAuts
     D:7: 829 daAuts
     D:4: 778 daAuts
     D:5: 745 daAuts
     D:1: 742 daAuts
     D:3: 710 daAuts
   Sewer: 432 daAuts
 Ossuary: 227 daAuts
